 Dungeon Sprint DCSS version 0.31-a0-325-g067879e3d3 (webtiles) character file.

Game seed: 17254631373785795933

46 shakesphere1979 the Conjurer (level 3, -5/19 HPs)
             Began as a Deep Elf Conjurer on July 19, 2023.
             Slain by Crazy Yiuf
             ... wielding a +4 quarterstaff of chaos
              (14 damage)
             ... in the Dungeon (Sprint III: "The Ten Rune Challenge").
             The game lasted 00:02:07 (284 turns).

shakesphere1979 the Conjurer (Deep Elf Conjurer)     Turns: 284, Time: 00:02:07

Health: -5/19      AC:  2    Str:  4    XL:     3   Next: 44%
Magic:  3/10       EV: 13    Int: 24    God:
Gold:   0          SH:  0    Dex: 13    Spells: 7/10 levels left

rFire   . . .        j - +0 club
rCold   . . .        (no shield)
rNeg    . . .        a - +0 robe
rPois   .            (no helmet)
rElec   .            (no cloak)
rCorr   .            (no gloves)
SInv    .            (no boots)
Will    .....        (no amulet)
Stlth   ++           (no ring)
HPRegen 0.23/turn    (no ring)
MPRegen 0.12/turn

%: no teleportation
@: no status effects
A: no striking features
a: no special abilities


You were in the Dungeon.
You visited 1 branch

Inventory:

Hand Weapons
 j - a +0 club (weapon)
Armour
 a - a +0 robe (worn)
Scrolls
 g - a scroll of blinking
 i - a scroll of poison {unknown}
Potions
 b - 3 potions of magic
 c - a potion of curing
 d - a potion of heal wounds
 e - a potion of haste
 f - a potion of berserk rage
 h - a potion of degeneration {unknown}


   Skills:
 + Level 3.4 Dodging
 + Level 3.3 Stealth
 + Level 4.4 Spellcasting
 + Level 7.7 Conjurations


You had 7 spell levels left.
You knew the following spells:

 Your Spells              Type           Power      Damage    Failure   Level
a - Magic Dart            Conj           100%       1d8       1%          1
b - Searing Ray           Conj           84%        2d7       1%          2

Your spell library contained the following spells:

 Spells                   Type           Power      Damage    Failure   Level
 Dazzling Flash           Conj/Hex       46%        N/A       6%          3
 Fulminant Prism          Conj/Hex       11%        3d9       19%         4
 Iskenderun's Mystic Bla  Conj/Tloc      23%        2d6       19%         4


Dungeon Overview and Level Annotations

Branches:
Dungeon (1/1)

Altars:

Annotations:
D Crazy Yiuf


Message History

The human closely misses you.
You closely miss the human.
The human is almost dead.
The human hits you but does no damage.
Casting: Searing Ray (safe; 1% risk of failure)
Confirm with . or Enter, or press ? or * to list all spells.
Aiming: Magic Dart (safe; 1% risk of failure)
Press: ? - help, Shift-Dir - straight line, f/p - human
Aim: a human (almost dead, 100% to hit)
The magic dart hits the human.
You kill the human!
You have reached level 3!
Your experience leads to an increase in your attributes!
Increase (S)trength, (I)ntelligence, or (D)exterity?
You feel clever. x2
You see here a +0 robe.
HP restored.
You see here a +0 robe.
Crazy Yiuf the Enlightened comes into view.
He is wielding a +4 quarterstaff of chaos.
Crazy Yiuf shouts!
You see here a human corpse.
Okay, then.
Unknown command.
Casting: Magic Dart (safe; 1% risk of failure)
Confirm with . or Enter, or press ? or * to list all spells.
Aiming: Searing Ray (safe; 1% risk of failure)
Press: ? - help, Shift-Dir - straight line, f - Crazy Yiuf
Aim: Crazy Yiuf, wielding a +4 quarterstaff of chaos and wearing a +0 cloak (84% to hit)
The searing ray hits Crazy Yiuf but does no damage. (Press . to maintain the ray.)
The searing ray hits Crazy Yiuf!
Crazy Yiuf is heavily wounded.
Crazy Yiuf hits you with a +4 quarterstaff of chaos!
Ouch! That really hurt!
You feel your power leaking away.
The searing ray hits Crazy Yiuf but does no damage.
Crazy Yiuf is heavily wounded.
Crazy Yiuf hits you with a +4 quarterstaff of chaos!
Ouch! That really hurt!
You die...

▓...#......##
▓..##.......# .#
▓##.##.##...# .#
##.##.###..# ..#
▓#.####.##[.# ...+
▓.###..##..##
#...# ▓#.....##..#
#....#
###..##...##.....#
##..##....#@g....#
#..###..##.#.....#
#..# #..#####....#
▓▓▓▓ ▓▓▓▓ ▓▓▓▓▓


You could see Crazy Yiuf.

Vanquished Creatures
  Jessica (D)
  A human (D)
  An endoplasm (D)
  A rat (D)
4 creatures vanquished.

Notes
Turn   | Place    | Note
-------+----------+-------------------------------------------
     0 | D        | shakesphere1979 the Deep Elf Conjurer began the quest for
                  | the Orb.
     0 | D        | Reached XP level 1. HP: 10/10 MP: 6/6
    24 | D        | Reached skill level 5 in Conjurations
    65 | D        | Noticed Jessica
    88 | D        | Killed Jessica
    89 | D        | Reached skill level 7 in Conjurations
    89 | D        | Reached XP level 2. HP: 15/15 MP: 2/9
    95 | D        | Learned a level 2 spell: Searing Ray
   191 | D        | Reached XP level 3. HP: 6/19 MP: 0/10
   281 | D        | Noticed Crazy Yiuf
   284 | D        | Slain by Crazy Yiuf

Illustrated notes

Levels and vault maps discovered:
D:        dungeon_sprint_mu [sprint_mu_entry_cave, sprint_mu_temple_rooms,
          sprint_mu_d1_spiders, sprint_mu_d2_genie, sprint_mu_d3_branching,
          sprint_mu_orc_legion, sprint_mu_elf_gauntlet, sprint_mu_hive_nellie,
          sprint_mu_lair_fedhas, sprint_mu_vaults_butterflies,
          sprint_mu_slime_circle, sprint_mu_shoals_kraken,
          sprint_mu_snake_twists, sprint_mu_blade_basic, sprint_mu_crypt_lich,
          sprint_mu_tomb_spiral, sprint_mu_vestibule_basic,
          sprint_mu_gehenna_hellfire, sprint_mu_dis_giant,
          sprint_mu_tartarus_statrot, sprint_mu_cocytus_islands, sprint_mu_zot1]

Skill      XL: |  1 |
---------------+----+-----
Conjurations   | 7 |  7.7
Dodging        | 3 |  3.4
Stealth        | 3 |  3.3
Spellcasting   | 4 |  4.4

Action                     || total
---------------------------++-------
  Melee: Club              ||     4
   Cast: Magic Dart        ||    11
         Searing Ray       ||     3
 Armour: Robe              ||     1
  Dodge: Dodged            ||     7

Table legend: (Time is in decaauts)
 A = Elapsed time spent in this place.
 B = Non-inter-level travel time spent in this place.
 C = Inter-level travel time spent in this place.
 D = Time resting spent in this place.
 E = Time spent auto-exploring this place.
 F = Levels seen in this place.
 G = Mean time per level.
                   A        B        C        D        E       F      G
               +--------+--------+--------+--------+--------+-----+--------+
         Total |    289 |    289 |      0 |      0 |    177 |   1 |  289.0 |
       Dungeon |    289 |    289 |      0 |      0 |    177 |   1 |  289.0 |
               +--------+--------+--------+--------+--------+-----+--------+

Top non-repeatable levels by time:
       D: 289 daAuts
